 Dungeon Crawl Stone Soup version 0.24-a0-778-g74da537585 (webtiles) character file.

Game seed: 2883667764712311523, levelgen mode: deterministic

97 Kohma the Charmwright (level 4, -1/38 HPs)
             Began as a Gnoll Skald on Oct 7, 2019.
             Slain by an iguana (3 damage)
             ... on level 3 of the Dungeon.
             The game lasted 00:05:30 (2029 turns).

Kohma the Charmwright (Gnoll Skald)                 Turns: 2029, Time: 00:05:30

Health: -1/38      AC:  4    Str: 14    XL:     4   Next: 68%
Magic:  5/11       EV: 14    Int: 16    God:
Gold:   125        SH:  0    Dex: 14    Spells: 2/13 levels left

rFire    . . .     SeeInvis .   a - +1 falchion
rCold    . . .     Gourm    .   (no shield)
rNeg     . . .     Faith    .   b - +0 leather armour
rPois    .         Spirit   .   (no helmet)
rElec    .         Reflect  .   g - +0 cloak
rCorr    .         Harm     .   (no gloves)
MR       .....                  (no boots)
Stlth    ++........             (no amulet)
HPRegen  1.12/turn              j - ring of flight
MPRegen  0.12/turn              (no ring)

@: singing, regenerating (expiring)
A: distributed training, fangs 1, strong nose
a: Evoke Flight


You were on level 3 of the Dungeon.
You were not hungry.

You visited 1 branch of the dungeon, and saw 3 of its levels.

You collected 125 gold pieces.

Inventory:

Hand Weapons
 a - a +1 falchion (weapon)
 e - a -2 dagger
Armour
 b - a +0 leather armour (worn)
 g - a +0 cloak (worn)
 h - a scarf of cloud immunity
Jewellery
 j - a ring of flight (left hand)
Scrolls
 m - a scroll of enchant weapon
Potions
 c - a potion of agility
 i - a potion of heal wounds {unknown}
 k - a potion of berserk rage {unknown}
 l - a potion of resistance {unknown}
Comestibles
 d - 5 rations
 f - 5 chunks of flesh


   Skills:
 + Level 4.6 Fighting
 + Level 1.2 Short Blades
 + Level 4.6 Long Blades
 + Level 1.2 Axes
 + Level 1.2 Maces & Flails
 + Level 1.2 Polearms
 + Level 1.2 Staves
 + Level 1.2 Slings
 + Level 1.2 Bows
 + Level 1.2 Crossbows
 + Level 1.2 Throwing
 + Level 2.8 Armour
 + Level 4.6 Dodging
 + Level 1.2 Stealth
 + Level 1.2 Shields
 + Level 1.2 Unarmed Combat
 + Level 5.1 Spellcasting
 + Level 1.0 Conjurations
 + Level 1.0 Hexes
 + Level 5.5 Charms
 + Level 1.0 Summonings
 + Level 1.0 Necromancy
 + Level 1.0 Translocations
 + Level 1.0 Transmutations
 + Level 1.0 Fire Magic
 + Level 1.0 Ice Magic
 + Level 1.0 Air Magic
 + Level 1.0 Earth Magic
 + Level 1.0 Poison Magic
 + Level 1.3 Invocations
 + Level 1.2 Evocations


You had 2 spell levels left.
You knew the following spells:

 Your Spells              Type           Power        Failure   Level  Hunger
a - Infusion              Chrm           ###.         1%          1    None
b - Song of Slaying       Chrm           ###.....     3%          2    #......
c - Shroud of Golubria    Chrm/Tloc      ##....       8%          2    #......
d - Regeneration          Chrm/Necr      ##........   14%         3    ###....
e - Spectral Weapon       Hex/Chrm       ##......     14%         3    ###....

Your spell library contained the following spells:

 Spells                   Type           Power        Failure   Level  Hunger


Dungeon Overview and Level Annotations

Branches:
Dungeon (3/15)

Altars:
Uskayaw


Innate Abilities, Weirdness & Mutations

Your experience applies equally to all skills.
You have very sharp teeth.
Your uncanny sense of smell can sniff out nearby items.


Message History

Your Transmutations skill increases to level 1!
Your Fire Magic skill increases to level 1!
Your Ice Magic skill increases to level 1!
Your Air Magic skill increases to level 1!
Your Earth Magic skill increases to level 1!
Your Poison Magic skill increases to level 1!
Your skin is crawling a little less now.
The iguana barely misses you.
You riposte.
You hit the iguana.
The iguana is lightly wounded.
The adder completely misses you.
You hit the adder. You bite the adder.
The adder is moderately wounded.
The iguana bites you!
* * * LOW HITPOINT WARNING * * *
The adder barely misses you.
You riposte.
You miss the adder.
The adder is moderately wounded.
You hit the adder.
The adder is almost dead.
The adder barely misses you. The iguana bites you.
You die...

#...#... .. .#. ....#..÷ %..
.#... . #.......
.....♣_♣...####.#.. ..
...##... ......♣...........∆
... ........
............##.#. ....
........ ............#...
..... ...#.#..
............#.s###...###
##.#.#..
..............rS@l.>....
........
.?.........#..##########
##.##.>. .......(.$##..# #.
###. ..##...s####.K# #.
####.r.# #..# #.
......#(.###s.# #.# #.
..###.......r.## #.# ##.
##.........#### #.# #..
####.........#########.###..


You could see an iguana, an adder, a quokka and a giant cockroach.

Vanquished Creatures
  Terence (D:1)
  A gnoll (D:3)
  2 adders
  3 worms
  A dart slug (D:1)
  2 leopard geckos (D:1)
  A ball python (D:2)
  2 goblins
  5 hobgoblins
  3 kobolds (D:1)
  5 bats
  5 frilled lizards
  4 rats
35 creatures vanquished.

Notes
Turn   | Place    | Note
-------+----------+-------------------------------------------
     0 | D:1      | Kohma the Gnoll Skald began the quest for the Orb.
     0 | D:1      | Reached XP level 1. HP: 20/20 MP: 6/6
    99 | D:1      | Reached XP level 2. HP: 25/26 MP: 7/7
   109 | D:1      | Learned a level 2 spell: Song of Slaying
   112 | D:1      | Learned a level 2 spell: Shroud of Golubria
   946 | D:2      | Reached XP level 3. HP: 4/31 MP: 6/9
   964 | D:2      | Learned a level 3 spell: Regeneration
   968 | D:2      | Learned a level 3 spell: Spectral Weapon
  1189 | D:2      | Noticed Terence
  1209 | D:2      | Reached skill level 5 in Spellcasting
  1638 | D:1      | Killed Terence
  1638 | D:1      | Reached skill level 1 in Short Blades
  1638 | D:1      | Reached skill level 1 in Axes
  1638 | D:1      | Reached skill level 1 in Maces & Flails
  1638 | D:1      | Reached skill level 1 in Polearms
  1638 | D:1      | Reached skill level 1 in Staves
  1638 | D:1      | Reached skill level 1 in Slings
  1638 | D:1      | Reached skill level 1 in Bows
  1638 | D:1      | Reached skill level 1 in Crossbows
  1638 | D:1      | Reached skill level 1 in Throwing
  1638 | D:1      | Reached skill level 1 in Stealth
  1638 | D:1      | Reached skill level 1 in Shields
  1638 | D:1      | Reached skill level 1 in Unarmed Combat
  1638 | D:1      | Reached skill level 1 in Invocations
  1638 | D:1      | Reached skill level 1 in Evocations
  1689 | D:2      | Reached XP level 4. HP: 33/38 MP: 11/11
  1949 | D:3      | Found a hide-covered altar of Uskayaw.
  2000 | D:3      | Found a faded altar of an unknown god.
  2027 | D:3      | Reached skill level 1 in Conjurations
  2027 | D:3      | Reached skill level 1 in Hexes
  2027 | D:3      | Reached skill level 1 in Summonings
  2027 | D:3      | Reached skill level 1 in Necromancy
  2027 | D:3      | Reached skill level 1 in Translocations
  2027 | D:3      | Reached skill level 1 in Transmutations
  2027 | D:3      | Reached skill level 1 in Fire Magic
  2027 | D:3      | Reached skill level 1 in Ice Magic
  2027 | D:3      | Reached skill level 1 in Air Magic
  2027 | D:3      | Reached skill level 1 in Earth Magic
  2027 | D:3      | Reached skill level 1 in Poison Magic
  2028 | D:3      | HP: 1/38 [iguana (13)]
  2029 | D:3      | Slain by an iguana

Levels and vault maps discovered:
D:1:      lightli_arrival_isolated_outpost, layout_basic
D:2:      layout_rooms, uniq_terence
D:3:      layout_rooms, lemuel_doored_altar, chequers_ecumenical_altar_simple,
          minivault_24, st_stairs_2

Skill      XL: |  1  2  3  4 |
---------------+-------------+-----
Spellcasting   | 5 |  5.1
Short Blades   | 1 |  1.2
Axes           | 1 |  1.2
Maces & Flails | 1 |  1.2
Polearms       | 1 |  1.2
Staves         | 1 |  1.2
Slings         | 1 |  1.2
Bows           | 1 |  1.2
Crossbows      | 1 |  1.2
Throwing       | 1 |  1.2
Stealth        | 1 |  1.2
Shields        | 1 |  1.2
Unarmed Combat | 1 |  1.2
Invocations    | 1 |  1.3
Evocations     | 1 |  1.2
Conjurations   | 1 |  1.0
Hexes          | 1 |  1.0
Summonings     | 1 |  1.0
Necromancy     | 1 |  1.0
Translocations | 1 |  1.0
Transmutations | 1 |  1.0
Fire Magic     | 1 |  1.0
Ice Magic      | 1 |  1.0
Air Magic      | 1 |  1.0
Earth Magic    | 1 |  1.0
Poison Magic   | 1 |  1.0
Fighting       | |  4.6
Long Blades    | |  4.6
Armour         | |  2.8
Dodging        | |  4.6
Charms         | |  5.5

Action                   |  1- 3 |  4- 6 || total
-------------------------+-------+-------++-------
Melee: Falchion          |    40 |    37 ||    77
       Dagger            |    85 |       ||    85
       Bite              |    11 |     8 ||    19
       Punch             |     1 |     1 ||     2
 Cast: Shroud of Golubri |     4 |     2 ||     6
       Song of Slaying   |     2 |     2 ||     4
       Regeneration      |     2 |     1 ||     3
       Infusion          |     1 |       ||     1
  Use: Scroll            |     7 |       ||     7
 Stab: Sleeping          |       |     1 ||     1
  Eat: Chunk             |     2 |     2 ||     4
Armor: Leather armour    |    32 |    11 ||    43
Dodge: Dodged            |   115 |    38 ||   153
       Rpst.: Falchion   |    11 |    11 ||    22

Table legend:
 A = Non-vault XP
 B = Vault XP
 C = Vault XP percentage of total XP
 D = Non-vault monster count
 E = Vault monster count
 F = Vault count percentage of total count
                 A         B        C        D         E       F
            +---------+---------+-------+---------+---------+-------
      Total |      87 |      52 |  37.4 |      33 |       2 |   5.7
            +---------+---------+-------+---------+---------+-------
        D:1 |      31 |      38 |  55.1 |      18 |       1 |   5.3
        D:2 |      36 |       0 |   0.0 |      12 |       0 |   0.0
        D:3 |      20 |      14 |  41.2 |       3 |       1 |  25.0
            +---------+---------+-------+---------+---------+-------
